 Dungeon Crawl Stone Soup version 0.30-a0-696-g2367cd04db (webtiles) character file.

Game seed: 5589005562845611567

7567 Darius099 the Grappler (level 10, -7/106 HPs)
             Began as a Troll Berserker on Jan 21, 2023.
             Was an Elder of Trog.
             Mangled by an orc warrior
             ... wielding a +0 hand axe
              (10 damage)
             ... on level 11 of the Dungeon.
             The game lasted 00:19:27 (8165 turns).

Darius099 the Grappler (Troll Berserker)            Turns: 8165, Time: 00:19:27

Health: -7/106     AC: 10    Str: 29    XL:     10   Next: 97%
Magic:  9/9        EV: 14    Int:  3    God:    Trog [****..]
Gold:   1502       SH:  0    Dex: 17    Spells: 9/9 levels left

rFire   . . .      SeeInvis .      - Unarmed
rCold   . . .      Faith    .    (no shield)
rNeg    . . .      Spirit   .    y - +1 troll leather armour
rPois   +          Reflect  .    (helmet restricted)
rElec   .          Harm     .    s - +2 cloak
rCorr   .          Rampage  .    (gloves unavailable)
Will    .....                    (boots unavailable)
Stlth   +                        (no amulet)
HPRegen 1.97/turn                b - ring of poison resistance
MPRegen 0.11/turn                t - +6 ring of dexterity

@: no status effects
A: large, unfitting armour, claws 3, regeneration 1, shaggy fur 1, tough skin 1
a: Renounce Religion, Berserk, Trog's Hand, Brothers in Arms


You were on level 11 of the Dungeon.
You worshipped Trog.
Trog was greatly pleased with you.
You visited 1 branch of the dungeon, and saw 11 of its levels.
You also visited: Bailey.

You collected 1502 gold pieces.

Inventory:

Armour
 q - a scarf of invisibility
 s - a +2 cloak (worn)
 y - a +1 troll leather armour (worn)
 G - +0 acid dragon scales
Jewellery
 b - a ring of poison resistance (left claw)
 g - the ring of the Traitor {rC+ Int+6}
   (You found it on level 10 of the Dungeon)

   [ring of intelligence]

   Int:       It affects your intelligence (+6).
   rC:        It protects you from cold.
 r - the amulet of Elemental Vulnerability {rPois rF-- rC-- AC+8}
   (You found it on level 10 of the Dungeon)

   [amulet of nothing]

   AC:        It affects your AC (+8).
   rF:        It makes you very vulnerable to fire.
   rC:        It makes you very vulnerable to cold.
   rPois:     It protects you from poison.
 t - a +6 ring of dexterity (right claw)
 u - a ring of protection from cold
 A - a ring of flight
 F - a ring of resist corrosion
Wands
 a - a wand of quicksilver (17)
 o - a wand of polymorph (3)
 w - a wand of mindburst (13)
 x - a wand of iceblast (4)
 C - a wand of flame (42)
Scrolls
 e - 5 scrolls of teleportation
 i - a scroll of fog
 j - a scroll of poison
 p - 2 scrolls of vulnerability
 v - 4 scrolls of amnesia
Potions
 c - 9 potions of curing
 d - 4 potions of attraction
 h - a potion of invisibility {unknown}
 k - a potion of heal wounds
 l - 3 potions of resistance
 m - 2 potions of might
 n - a potion of brilliance
 z - a potion of cancellation
 B - 6 potions of flight
Miscellaneous
 f - a lightning rod (4/4)
 D - a piece from Xom's chessboard (15/15)


   Skills:
 + Level 8.6 Fighting
 + Level 8.7 Dodging
 + Level 10.3 Unarmed Combat


You had 9 spell levels left.
You didn't know any spells.
Your spell library was empty.

Dungeon Overview and Level Annotations

Branches:
Dungeon (11/15)            Temple (0/1) D:4            Lair (0/5) D:9
 Bailey (visited)
    Orc: D:9-12

Altars:
Okawaru
Qazlal
Sif Muna
Vehumet
Xom
Yredelemnul
The Shining One

Shops:
D:1 *   D:3 :   D:4 *   D:5 !


Innate Abilities, Weirdness & Mutations

You are too large for most types of armour.
You have claws for hands.
Your natural rate of healing is unusually fast.
You are covered in fur. (AC +1)
You have tough skin. (AC +1)


Message History

The orcs go into a battle-frenzy!
You mangle the orc knight!!
The orc knight is moderately wounded.
The orc warrior closely misses you.
You scratch the orc knight but do no damage.
The orc knight is moderately wounded.
The orc knight hits you with a +0 war axe!
The orc warrior hits you from afar with a +0 glaive!
The orc warrior hits you with a +2 short sword of electrocution.
You are electrocuted!!
Your black bear goes berserk!
The orc knight misses you.
The orc knight hits your black bear with a +0 war axe.
The orc warrior hits you from afar with a +0 glaive!!
* * * LOW HITPOINT WARNING * * *
The orc warrior hits you with a +2 short sword of electrocution.
* * * LOW HITPOINT WARNING * * *
You feel much better.
Your black bear bites the orc warrior!
Your black bear claws the orc warrior.
Your black bear claws the orc warrior but does no damage.
The cyclops hits your black bear.
The orc warrior hits you from afar with a +0 glaive!
* * * LOW HITPOINT WARNING * * *
The orc warrior hits you with a +0 hand axe!
* * * LOW HITPOINT WARNING * * *
Your black bear barely misses the orc warrior.
Your black bear claws the orc warrior but does no damage.
Your black bear claws the orc warrior!
The orc warrior hits you from afar with a +0 glaive!
Keep disrobing?
Uppercase [Y]es or [N]o only, please.
Keep disrobing?
You stop removing your armour.
* * * LOW HITPOINT WARNING * * *
The orc priest begins to cast a cantrip, but forgets the words!
Your black bear bites the orc warrior.
Your black bear misses the orc warrior.
Your black bear claws the orc warrior but does no damage.
The cyclops hits your black bear!!
The orc warrior hits you with a +0 hand axe!
You die...

.....#.....# ##########
.....#.....#######........#
.....#.....#..............#
####.#.....'..............+
#.#.....#.............# ###
####.#.....#.............#o...
.....#.....#.##.hCo......8oo..
.....'.....#....ooo.o..o.'o.o.
.....#.....#####@#######.8.oo.
.[...#+######....o.o.oo..#ooo.
............#............ o..
............#............ .
..........#.#............
............#....#######.
............#....#
[...........#....#
............#####


You could see an orc knight, a cyclops, 4 orc warriors, 2 orc priests, an orc
wizard, 2 orcs and a friendly black bear (summoned, berserk).

Vanquished Creatures
  The ghost of jejorda2 the Spear-Bearer, a novice MfBe of Trog (D:8)
  3 trolls (D:10)
  Prince Ribbit (D:7)
  7 yaks (D:9)
  2 wraiths
  2 wyverns
  A steam dragon (D:8)
  An acid dragon (D:9)
  11 orc warriors
  2 black bears
  2 ice beasts
  3 ogres (D:5)
  2 centaurs
  A phantom (D:7)
  A kobold brigand (D:8)
  A gnoll sergeant (D:6)
  3 bullfrogs
  A necrophage (D:6)
  3 scorpions
  2 howler monkeys (D:9)
  2 jellies (D:6)
  2 gnoll boudas
  3 hounds
  2 orc priests
  11 orc wizards
  24 gnolls
  8 adders
  A shadow imp (D:5)
  3 white imps
  An ufetubus (D:5)
  5 worms
  6 dart slugs
  33 orcs
  3 bats
  7 endoplasms
  4 giant cockroaches
  14 goblins
  10 hobgoblins
  7 jackals
  6 quokkas
  6 ball pythons
  3 frilled lizards
  23 kobolds
  3 rats
237 creatures vanquished.

Vanquished Creatures (collateral kills)
  The ghost of tinescath the Geomancer, a novice GrEE (D:8)
  A yak (D:9)
  An acid dragon (D:9)
  2 orcs (D:9)
5 creatures vanquished.

Vanquished Creatures (others)
  5 withered plants (D:8)
5 creatures vanquished.

Grand Total: 247 creatures vanquished

Notes
Turn   | Place    | Note
-------+----------+-------------------------------------------
     0 | D:1      | Darius099 the Troll Berserker began the quest for the Orb.
     0 | D:1      | Reached XP level 1. HP: 22/22 MP: 0/0
   122 | D:1      | Reached XP level 2. HP: 29/29 MP: 1/1
   244 | D:1      | Found Winuz's Assorted Antiques.
   667 | D:2      | Reached XP level 3. HP: 35/36 MP: 2/2
   862 | D:2      | Found an iron altar of Okawaru.
  1112 | D:2      | Reached ** piety under Trog
  1202 | D:2      | Reached XP level 4. HP: 34/45 MP: 3/3
  1504 | D:3      | Reached skill level 4 in Unarmed Combat
  1643 | D:3      | Found Husuikly's Book Emporium.
  1657 | D:3      | Reached XP level 5. HP: 52/53 MP: 4/4
  1691 | D:3      | Found a faded altar of an unknown god.
  2346 | D:4      | Noticed a black bear
  2350 | D:4      | Reached *** piety under Trog
  2352 | D:4      | Killed a black bear
  2353 | D:4      | Reached XP level 6. HP: 46/62 MP: 5/5
  2368 | D:4      | Reached skill level 5 in Unarmed Combat
  2426 | D:4      | Found a shimmering altar of Xom.
  2436 | D:4      | Found a shimmering altar of Xom.
  2493 | D:4      | Found a shimmering altar of Xom.
  2493 | D:4      | Found a shimmering altar of Xom.
  2493 | D:4      | Found a shimmering altar of Xom.
  2507 | D:4      | Found a shimmering altar of Xom.
  2578 | D:4      | Found a staircase to the Ecumenical Temple.
  2623 | D:4      | Found Yliucev's Assorted Antiques.
  2678 | D:4      | Reached XP level 7. HP: 70/70 MP: 6/6
  2680 | D:4      | Found a basalt altar of Yredelemnul.
  2691 | D:4      | Found a glowing golden altar of the Shining One.
  2693 | D:4      | Noticed an angel
  3118 | D:5      | Entered Level 5 of the Dungeon
  3308 | D:5      | Noticed a wraith
  3316 | D:5      | Killed a wraith
  3345 | D:5      | Reached **** piety under Trog
  3347 | D:5      | Reached skill level 6 in Unarmed Combat
  3430 | D:5      | Reached skill level 5 in Fighting
  3430 | D:5      | Reached skill level 5 in Dodging
  3430 | D:5      | Reached XP level 8. HP: 67/80 MP: 7/7
  3467 | D:5      | Found Ipsowal's Distillery.
  4023 | D:6      | Reached skill level 7 in Unarmed Combat
  4089 | D:6      | Found a shimmering blue altar of Sif Muna.
  4521 | D:7      | Reached XP level 9. HP: 89/89 MP: 8/8
  4724 | D:7      | Noticed Prince Ribbit
  4738 | D:7      | Killed Prince Ribbit
  4893 | D:7      | Reached ***** piety under Trog
  4970 | D:7      | Found a flagged portal.
  4981 | Bailey   | Entered a bailey
  5044 | Bailey   | Reached skill level 8 in Unarmed Combat
  5939 | D:8      | Received a gift from Trog
  6059 | D:8      | Found a runed translucent gate.
  6059 | D:8      | Found a runed translucent gate.
  6060 | D:8      | Found a runed translucent gate.
  6061 | D:8      | Noticed jejorda2's ghost (novice MfBe)
  6062 | D:8      | Noticed tinescath's ghost (novice GrEE)
  6183 | D:8      | Found a stormy altar of Qazlal.
  6434 | D:8      | Killed tinescath's ghost
  6435 | D:8      | Reached skill level 9 in Unarmed Combat
  6435 | D:8      | Reached XP level 10. HP: 102/102 MP: 9/9
  6438 | D:8      | Killed jejorda2's ghost
  6717 | D:9      | Reached skill level 10 in Unarmed Combat
  6861 | D:9      | Found a staircase to the Lair.
  7281 | D:10     | Entered Level 10 of the Dungeon
  7657 | D:10     | Identified the ring of the Traitor {rC+ Int+6}
  7683 | D:10     | Found a radiant altar of Vehumet.
  7766 | D:10     | Found the amulet of Elemental Vulnerability {rPois rF--
                  | rC-- AC+8}
  8143 | D:11     | Noticed an orc knight
  8145 | D:11     | Noticed a cyclops
  8165 | D:11     | HP: 3/106 [orc warrior/+0 glaive (10)]
  8165 | D:11     | Mangled by an orc warrior

Illustrated notes

Levels and vault maps discovered:
D:1:      psy_arrival_basics, layout_basic, serial_shops,
          nicolae_shop_hallway_plus
D:2:      layout_loops_corners, basic_altar
D:3:      layout_basic, serial_shops, shop_fountains,
          hellmonk_ecumenical_altar_run_dry, grunt_ministairs_4, minivault_4,
          nrook_loot_triangle, kennysheep_generic_room_15
D:4:      layout_rooms, grunt_temple_overflow_holy_war, xom_redecorated,
          minmay_temple_entry_large_hall, serial_shops, shop_fountains,
          minmay_misc_feat_alley, kennysheep_dice
D:5:      layout_loops_ring, serial_shops, kennysheep_little_box,
          kennysheep_opposing_triangles
D:6:      cheibrodos_quashed, layout_loops_ring, led_sif_book
D:7:      layout_basic, lightli_bailey_entry_fortress, uniq_prince_ribbit1
D:8:      layout_basic, mainiacjoe_overflow_alcove_2, gammafunk_ghost_cemetery
D:9:      layout_loops_cross, lair_entry_dummy
D:10:     layout_basic, vehumet_altar_wand_db
D:11:     layout_stronghold, david_orc_5

Skill      XL: |  1  2  3  4  5  6  7  8  9 10 |
---------------+-------------------------------+-----
Dodging        | 3 4 5 6 7 8 |  8.7
Fighting       | 3 4 5 6 7 8 |  8.6
Unarmed Combat | 4 5 6 7 9 10 | 10.3

Action                   |  1- 3 |  4- 6 |  7- 9 | 10-12 || total
-------------------------+-------+-------+-------+-------++-------
Melee: Unarmed           |   114 |   118 |   322 |   113 ||   667
       Punch             |     3 |     2 |    17 |     7 ||    29
Invok: Berserk           |       |     1 |     1 |     1 ||     3
       Brothers in Arms  |       |       |     1 |     2 ||     3
       Trog's Hand       |       |       |     1 |     1 ||     2
  Use: Scroll            |       |       |     6 |    11 ||    17
       Potion            |       |       |       |     4 ||     4
 Stab: Sleeping          |     1 |     2 |     2 |       ||     5
       Distracted        |       |       |     2 |       ||     2
Armor: Animal skin       |    39 |    22 |    25 |       ||    86
       Robe              |       |       |    40 |       ||    40
       Steam dragon scal |       |       |    17 |    12 ||    29
       Acid dragon scale |       |       |       |    20 ||    20
Dodge: Dodged            |    62 |    78 |   203 |    70 ||   413

Table legend: (Time is in decaauts)
 A = Elapsed time spent in this place.
 B = Non-inter-level travel time spent in this place.
 C = Inter-level travel time spent in this place.
 D = Time resting spent in this place.
 E = Time spent auto-exploring this place.
 F = Levels seen in this place.
 G = Mean time per level.
                   A        B        C        D        E       F      G
               +--------+--------+--------+--------+--------+-----+--------+
         Total |   8088 |   7849 |    239 |    333 |   5270 |  12 |  674.0 |
       Dungeon |   7751 |   7512 |    239 |    277 |   5270 |  11 |  704.6 |
        Bailey |    337 |    337 |      0 |     56 |      0 |   1 |  337.0 |
               +--------+--------+--------+--------+--------+-----+--------+

Top non-repeatable levels by time:
     D:7: 946 daAuts
     D:2: 880 daAuts
     D:3: 817 daAuts
     D:4: 812 daAuts
    D:10: 807 daAuts
     D:9: 765 daAuts
     D:8: 763 daAuts
     D:5: 712 daAuts
     D:1: 594 daAuts
     D:6: 584 daAuts
  Bailey: 337 daAuts
    D:11: 69 daAuts
